 Dungeon Crawl Stone Soup version 0.31.0-11-ge490571c62 (webtiles) character file.

Game seed: 7482293318933184304

890 Ijustatesigmund the Trooper (level 8, -2/51 HPs)
             Began as a Gargoyle Fighter on Jan 26, 2024.
             Slain by a gnoll sergeant
             ... wielding a +0 trident
              (3 damage)
             ... on level 6 of the Dungeon.
             The game lasted 00:06:14 (4894 turns).

Ijustatesigmund the Trooper (Gargoyle Fighter)      Turns: 4894, Time: 00:06:15

Health: -2/51      AC: 15    Str: 19    XL:     8   Next: 6%
Magic:  12/12      EV:  7    Int: 12    God:
Gold:   115        SH:  5    Dex:  9    Spells: 13/13 levels left

rFire   . . .        a - +1 flail
rCold   . . .        c - +0 buckler
rNeg    + + .        l - +0 chain mail
rPois   ∞            (no helmet)
rElec   +            t - +0 cloak
rCorr   .            (no gloves)
SInv    .            (no boots)
Will    .....        (no amulet) Stlth
                     p - ring of positive energy
HPRegen 0.28/turn    (no ring)
MPRegen 0.13/turn

%: no passive effects
@: no status effects
A: sickness immunity, AC +5, negative energy resistance 1, electricity
resistance, torment resistance 1, petrification resistance
a: no special abilities


You were on level 6 of the Dungeon.
You visited 1 branch of the dungeon, and saw 6 of its levels.

You collected 115 gold pieces.

Inventory:

Hand Weapons
 a - a +1 flail (weapon)
Armour
 b - a +0 scale mail
 c - a +0 buckler (worn)
 l - a +0 chain mail (worn)
 t - a +0 cloak (worn)
Jewellery
 p - a ring of positive energy (left hand)
Scrolls
 f - a scroll of noise {unknown}
 h - a scroll of enchant armour {unknown}
 i - a scroll of immolation {unknown}
 o - a scroll of identify {unknown}
 q - a scroll of enchant weapon
 s - a scroll of revelation
Potions
 d - a potion of magic {unknown}
 e - 3 potions of degeneration {unknown}
 g - a potion of curing
 j - a potion of heal wounds {unknown}
 k - a potion of resistance {unknown}
 m - a potion of attraction
 n - 3 potions of enlightenment {unknown}
 r - a potion of ambrosia {unknown}


   Skills:
 - Level 6.0 Fighting
 + Level 4.9 Maces & Flails
 - Level 3.2 Armour
 - Level 6.0 Shields
 - Level 3.3 Spellcasting


You had 13 spell levels left.
You didn't know any spells.
Your spell library contained the following spells:

 Spells                   Type           Power      Damage    Failure   Level
 Manifold Assault         Tloc           1%         N/A       100%        4
 Alistair's Intoxication  Alch           0%         N/A       100%        5
 Borgnjor's Vile Clutch   Necr/Erth      0%         N/A       100%        5
 Dispersal                Tloc           0%         N/A       100%        6
 Eringya's Noxious Bog    Alch           0%         4d6       100%        6
 Disjunction              Tloc           0%         N/A       100%        8


Dungeon Overview and Level Annotations

Branches:
Dungeon (6/15)
 Temple: D:4-7

Altars:
Zin

Annotations:
D:4 Dowan, Duvessa, Grinder
D:5 3 runed translucent doors, Bnni's ghost, novice FoEE
D:6 Blork the orc


Innate Abilities, Weirdness & Mutations

You are immune to sickness and miasma.
Your stone body is resilient. (AC +5)
You are immune to poison.
You resist negative energy. (rN+)
You are resistant to electric shocks. (rElec)
You are resistant to unholy torment.
You are immune to petrification.


Message History

Blork the orc is moderately wounded.
Blork the orc points at you and mumbles some strange words.
The magic dart hits you but does no damage.
The gnoll sergeant hits you with a +0 trident.
You are too injured to fight recklessly!
You are too injured to fight recklessly!
You are too injured to fight recklessly!
You are too injured to fight recklessly!
You are too injured to fight recklessly!
You are too injured to fight recklessly!
You are too injured to fight recklessly!
You are too injured to fight recklessly!
The gnoll sergeant blocks your attack.
Blork the orc points at you and mumbles some strange words.
The puff of frost hits you.
The gnoll sergeant hits you but does no damage.
You sock the gnoll sergeant!
The gnoll sergeant is heavily wounded.
Blork the orc closely misses you.
The gnoll sergeant hits you but does no damage.
You hit the gnoll sergeant.
The gnoll sergeant is heavily wounded.
Blork the orc hits you but does no damage.
The gnoll sergeant hits you but does no damage.
You hit the gnoll sergeant.
The gnoll sergeant is severely wounded.
Blork the orc hits you with a +0 battleaxe.
You block the gnoll sergeant's attack.
Blork the orc hits you but does no damage.
The gnoll sergeant hits you but does no damage.
It was a potion of curing.
You feel better. Blork the orc barely misses you.
The gnoll sergeant hits you with a +0 trident!
* * * LOW HITPOINT WARNING * * *
The gnoll sergeant blocks your attack.
The gnoll sergeant is severely wounded.
Blork the orc gestures at you while chanting.
The puff of frost hits you!
* * * LOW HITPOINT WARNING * * *
The gnoll sergeant hits you with a +0 trident.
You die...

###....# #....#####
#.##.....##### ###
#..#.##......#####....
#####..................##
.).##.###...............#
<..##.# #.........)####... #
.<.##.###......).o>### .o.
........†.......@g...##.g...
...#.####..........#.....##
...#.# ##...............#)#
...... #..........##....##
....##..............##......
....# ###....>..............
...## #..........###.##...
.### #..........# .. ...
.... . ..


You could see Blork the orc and a gnoll sergeant.

Vanquished Creatures
  Eustachio (D:5)
  A water moccasin (D:4)
  An ogre (D:5)
  2 scorpions
  3 hounds
  An orc priest (D:5)
  A jelly (D:5)
  A sleepcap (D:5)
  3 iguanas (D:5)
  Jessica (D:2)
  An orc wizard (D:6)
  6 adders
  A white imp (D:5)
  A ribbon worm (D:2)
  2 dart slugs
  4 orcs
  4 ball pythons
  6 bats
  4 endoplasms
  6 goblins
  5 hobgoblins
  4 jackals
  4 quokkas
  3 frilled lizards (D:2)
  2 kobolds
  4 rats
72 creatures vanquished.

Notes
Turn   | Place    | Note
-------+----------+-------------------------------------------
     0 | D:1      | Ijustatesigmund the Gargoyle Fighter began the quest for
                  | the Orb.
     0 | D:1      | Reached XP level 1. HP: 14/14 MP: 1/1
   100 | D:1      | Reached skill level 1 in Spellcasting
   182 | D:1      | Reached XP level 2. HP: 19/19 MP: 4/4
   955 | D:2      | Reached XP level 3. HP: 23/23 MP: 6/6
  1626 | D:2      | Noticed Jessica
  1634 | D:2      | Killed Jessica
  1635 | D:2      | Reached XP level 4. HP: 5/28 MP: 8/8
  2570 | D:3      | Reached XP level 5. HP: 33/33 MP: 9/9
  2919 | D:4      | Noticed a water moccasin
  2930 | D:4      | Noticed Duvessa
  2935 | D:4      | Noticed Dowan
  2943 | D:4      | Killed a water moccasin
  2943 | D:4      | Noticed Grinder
  2944 | D:4      | Reached XP level 6. HP: 36/39 MP: 10/10
  2959 | D:5      | Entered Level 5 of the Dungeon
  3029 | D:5      | Reached skill level 5 in Shields
  3164 | D:5      | Found a runed translucent gate.
  3164 | D:5      | Found a runed translucent gate.
  3164 | D:5      | Found a runed translucent gate.
  3207 | D:5      | Reached skill level 5 in Fighting
  3847 | D:5      | Reached XP level 7. HP: 29/44 MP: 11/11
  4158 | D:5      | Found a glowing silver altar of Zin.
  4358 | D:5      | Noticed Bnni's ghost (novice FoEE)
  4381 | D:5      | Noticed Eustachio
  4445 | D:5      | Killed Eustachio
  4821 | D:6      | Reached XP level 8. HP: 49/51 MP: 12/12
  4876 | D:6      | Noticed Blork the orc
  4894 | D:6      | HP: 1/51 [Blork the orc/puff of frost (10)]
  4894 | D:6      | Slain by a gnoll sergeant

Illustrated notes

Levels and vault maps discovered:
D:1:      saegor_arrival_simple_c, layout_loops_ring
D:2:      layout_basic, st_stairs_13, kennysheep_jessica_study
D:3:      layout_loops_ring
D:4:      layout_basic, okawaru_gym_becter, uniq_ijyb, uniq_sigmund,
          uniq_grinder, uniq_duvessa, uniq_crazy_yiuf_cottage
D:5:      layout_basic, mainiacjoe_overflow_small_starburst,
          ebering_ghost_rock_garden, uniq_eustachio
D:6:      layout_rooms, nzn_hepliaklqana_mist_gate,
          mainiacjoe_overflow_cross_hatched, elyvilon_altar_5,
          minmay_temple_entry_statues_fountains, sword_in_stone

Skill      XL: |  1  2  3  4  5  6  7 |
---------------+----------------------+-----
Spellcasting   | 1 2 3 |  3.3
Fighting       | 4 5 6 |  6.0
Shields        | 4 5 6 |  6.0
Maces & Flails | 4 |  4.9
Armour         | |  3.2

Action                     |  1- 3 |  4- 6 |  7- 9 || total
---------------------------+-------+-------+-------++-------
  Melee: Flail             |   120 |   156 |   122 ||   398
  Throw: Throwing net      |       |       |     1 ||     1
    Use: Scroll            |       |     2 |     2 ||     4
         Potion            |       |     1 |     2 ||     3
 Armour: Scale mail        |   101 |    17 |       ||   118
         Chain mail        |       |   142 |   160 ||   302
  Dodge: Dodged            |    61 |    75 |    80 ||   216
  Block: Buckler           |    17 |    38 |    47 ||   102
